 Dungeon Crawl Stone Soup version 0.28-a0-8-g6e044cfa68 (webtiles) character file.

Game seed: 9195195066544674920

4 Brandom the Sneak (level 1, 0/13 HPs)
             Began as a Kobold Brigand on July 23, 2021.
             Was a Follower of Jiyva.
             Slain by a goblin (1 damage)
             ... on level 1 of the Dungeon.
             The game lasted 00:03:38 (178 turns).

Brandom the Sneak (Kobold Brigand)                   Turns: 178, Time: 00:03:38

Health: 0/13       AC:  3    Str:  8    XL:     1   Next: 77%
Magic:  1/1        EV: 14    Int: 12    God:    Jiyva [*.....]
Gold:   0          SH:  0    Dex: 16    Spells: 0/0 levels left

rFire   . . .      SeeInvis .   a - +2 dagger
rCold   . . .      Faith    .   (shield restricted)
rNeg    . . .      Spirit   .   b - +0 robe
rPois   .          Reflect  .   (no helmet)
rElec   .          Harm     .   c - +0 cloak
rCorr   .          Rampage  .   (no gloves)
Will    .....                   (no boots)
Stlth   ++++......              (no amulet)
HPRegen 0.04/turn               (no ring)
MPRegen 0.07/turn               (no ring)

@: no status effects
A: small, no large weapons, nightstalker 3
a: Renounce Religion, Request Jelly


You were on level 1 of the Dungeon.
You worshipped Jiyva.
Jiyva was aware of your devotion.
You visited 1 branch of the dungeon, and saw 1 of its levels.

Inventory:

Hand Weapons
 a - a +2 dagger (weapon)
Missiles
 d - 6 poisoned darts (quivered)
 e - 2 curare-tipped darts {!f}
Armour
 b - a +0 robe (worn)
 c - a +0 cloak (worn)
Scrolls
 f - a scroll of immolation {!r}


   Skills:
 + Level 2.3 Fighting
 - Level 2.6 Short Blades
 + Level 2.3 Throwing
 + Level 1.5 Dodging
 - Level 5.3 Stealth


You couldn't memorise any spells.
You didn't know any spells.
Your spell library was empty.

Dungeon Overview and Level Annotations

Branches:
Dungeon (1/15)

Altars:
Jiyva


Innate Abilities, Weirdness & Mutations

You are small and have problems with some larger weapons.
You are completely attuned to the shadows.


Message History

The jackal bites you but does no damage.
Unknown command.
You closely miss the jackal.
The jackal bites you but does no damage.
Unknown command.
You hit the jackal.
You kill the jackal!
The jackal barely misses you.
Unknown command.
You hit the jackal. The jackal closely misses you.
You miss the jackal. The jackal closely misses you.
You barely miss the jackal. The jackal misses you.
You completely miss the jackal.
The jackal bites you but does no damage.
You closely miss the jackal. The jackal barely misses you.
The jackal bites you.
* * * LOW HITPOINT WARNING * * *
You aren't carrying any potions.
Unknown command.
Throw: 8 darts (poison)
Aim: a quokka (51% to hit)
Okay, then.
Okay, then.
Throw: 8 darts (poison)
Aim: a quokka (51% to hit)
You throw a poisoned dart. The poisoned dart hits the jackal.
The jackal is poisoned.
The jackal bites you.
* * * LOW HITPOINT WARNING * * *
Throw: 7 darts (poison)
Aim: a quokka (51% to hit)
You throw a poisoned dart. The poisoned dart hits the jackal.
The jackal looks even sicker.
You hear a distant slurping noise.
Jiyva appreciates your sacrifice. The jackal barely misses you.
You hit the jackal. The jackal closely misses you.
Unknown command.
You hit the jackal. The jackal bites you.
* * * LOW HITPOINT WARNING * * *
A kobold comes into view. It is wielding a +0 short sword.
You kill the jackal!
Unknown command.
Okay, then.
You hear a distant slurping noise.
The quokka barely misses you. The jackal barely misses you.
The jackal completely misses you. The goblin hits you with a +0 dagger.
You die...

.............###...#
......#......#.....#
.....###.........#.##
.......#..⌠.....##...
.......#.....####....
.......#######..K.#..
...............##.K..
.....hr..............
#.#.@##..#...........
.....g...............
#......######..#..###
.......##.h..........
#.........h#...##....
#......h.....#..###
.....#.#...#.....##
....##..._.........
...................


You could see a quokka, a jackal and a goblin.

Vanquished Creatures
  3 jackals (D:1)
  A bat (D:1)
  A rat (D:1)
5 creatures vanquished.

Vanquished Creatures (others)
  2 jackals (D:1)
  A rat (D:1)
3 creatures vanquished.

Grand Total: 8 creatures vanquished

Notes
Turn   | Place    | Note
-------+----------+-------------------------------------------
     0 | D:1      | Brandom the Kobold Brigand began the quest for the Orb.
     0 | D:1      | Reached XP level 1. HP: 12/12 MP: 1/1
    19 | D:1      | Found a faded altar of an unknown god.
    78 | D:1      | Became a worshipper of Jiyva Jilulus the Shapeless
    78 | D:1      | Reached * piety under Jiyva
   178 | D:1      | Slain by a goblin

Illustrated notes

Levels and vault maps discovered:
D:1:      dpeg_arrival_arbitrary_c, layout_basic,
          hellmonk_ecumenical_altar_blasted, glass_columns_b

Action                   || total
-------------------------++-------
Melee: Dagger            ||    23
Throw: Dart              ||     2
Armor: Robe              ||    18
Dodge: Dodged            ||    53

Table legend: (Time is in decaauts)
 A = Elapsed time spent in this place.
 B = Non-inter-level travel time spent in this place.
 C = Inter-level travel time spent in this place.
 D = Time resting spent in this place.
 E = Time spent auto-exploring this place.
 F = Levels seen in this place.
 G = Mean time per level.
                   A        B        C        D        E       F      G
               +--------+--------+--------+--------+--------+-----+--------+
         Total |    174 |    174 |      0 |      0 |     83 |   1 |  174.0 |
       Dungeon |    174 |    174 |      0 |      0 |     83 |   1 |  174.0 |
               +--------+--------+--------+--------+--------+-----+--------+

Top non-repeatable levels by time:
     D:1: 174 daAuts
